 Dungeon Crawl Stone Soup version 0.28.0-1-gb440e238dd (webtiles) character file.

Game seed: 17327455574260828277

187 Destapler the Covered (level 5, -2/46 HPs)
             Began as a Minotaur Fighter on Feb 27, 2022.
             Was a Follower of Uskayaw.
             Slain by a kobold (4 damage)
             ... on level 2 of the Dungeon.
             The game lasted 00:04:03 (1593 turns).

Destapler the Covered (Minotaur Fighter)            Turns: 1593, Time: 00:04:03

Health: -2/46      AC:  8    Str: 23    XL:     5   Next: 39%
Magic:  2/4        EV: 10    Int:  5    God:    Uskayaw [*.....]
Gold:   88         SH:  4    Dex:  9    Spells: 4/4 levels left

rFire   . . .      SeeInvis .   n - +1 trident (vorpal)
rCold   . . .      Faith    .   c - +0 buckler
rNeg    . . .      Spirit   .   b - +0 scale mail
rPois   +          Reflect  .   (helmet restricted)
rElec   .          Harm     .   m - +0 cloak {rPois}
rCorr   .          Rampage  .   (no gloves)
Will    .....                   (no boots)
Stlth   ..........              (no amulet)
HPRegen 0.15/turn               (no ring)
MPRegen 0.09/turn               (no ring)

@: no status effects
A: horns 2, retaliatory headbutt
a: Renounce Religion, Stomp


You were on level 2 of the Dungeon.
You worshipped Uskayaw.
Uskayaw was noncommittal.
You visited 1 branch of the dungeon, and saw 3 of its levels.

You collected 88 gold pieces.

Inventory:

Hand Weapons
 a - a +0 long sword
 n - a +1 vorpal trident (weapon)
Missiles
 f - 20 stones (quivered)
Armour
 b - a +0 scale mail (worn)
 c - a +0 buckler (worn)
 m - a +0 cloak of poison resistance (worn)
Jewellery
 s - an amulet of the acrobat
Scrolls
 e - a scroll of magic mapping {unknown}
 g - a scroll of immolation {unknown}
 h - a scroll of teleportation {unknown}
 j - a scroll of acquirement {unknown}
 k - a scroll of fear {unknown}
 p - a scroll of identify {unknown}
Potions
 d - a potion of might
 i - a potion of heal wounds {unknown}
 l - a potion of attraction {unknown}
 o - a potion of ambrosia {unknown}
 q - a potion of cancellation {unknown}
 r - a potion of brilliance {unknown}


   Skills:
 + Level 4.3 Fighting
 - Level 3.0 Long Blades
 - Level 0.7(1.2) Slings
 + Level 1.3(1.4) Throwing
 + Level 4.4 Armour
 + Level 2.0 Dodging
 + Level 1.7 Stealth
 + Level 4.4 Shields


You had 4 spell levels left.
You didn't know any spells.
Your spell library contained the following spells:

 Spells                   Type           Power      Damage    Failure   Level
 Gell's Gravitas          Tloc           0%         N/A       99%         3
 Teleport Other           Tloc           0%         N/A       99%         3
 Dispersal                Tloc           0%         N/A       100%        6


Dungeon Overview and Level Annotations

Branches:
Dungeon (3/15)

Altars:
Uskayaw


Innate Abilities, Weirdness & Mutations

You have a pair of horns on your head.
You reflexively headbutt those who attack you in melee.


Message History

You kill the gnoll!
The gnoll hits you with a +0 flail. x2
You can now stomp with the beat.
You barely miss the gnoll. You headbutt the gnoll.
The gnoll is almost dead.
The gnoll hits you with a +0 flail.
* * * LOW HITPOINT WARNING * * *
The gnoll hits you with a +0 flail.
* * * LOW HITPOINT WARNING * * *
The gnoll hits you with a +0 flail!
* * * LOW HITPOINT WARNING * * *
You are too injured to fight recklessly!
Unknown command.
You are too injured to fight recklessly!
You hit the gnoll.
You kill the gnoll!
The gnoll closely misses you. The gnoll hits you with a +0 flail.
* * * LOW HITPOINT WARNING * * *
You hit the gnoll but do no damage.
The gnoll is moderately wounded.
You block the gnoll's attack.
Unknown command.
Okay, then.
You puncture the gnoll!
You kill the gnoll!
You can now pass through a line of other dancers.
Your Dodging skill increases to level 2!
A kobold comes into view. It is wielding a +0 short sword.
Things that are here:
a +0 flail; a gnoll corpse
s - an amulet of the acrobat You start putting on your amulet.
You continue putting on your amulet of the acrobat.
You can no longer pass through a line of other dancers.
You continue putting on your amulet of the acrobat. x3
The kobold hits you with a +0 short sword.
* * * LOW HITPOINT WARNING * * *
You continue putting on your amulet of the acrobat.
The kobold hits you with a +0 short sword.
You die...

#.##.. #.###. #.#
## ##.# #..# ##.##
################..#
#.......)........##
#.....@K))########
#..........#
######..##.# ##.#
..# #.# #... #..
##.. ##. ##. ..


You could see a kobold.

Vanquished Creatures
  An ice beast (D:3)
  3 gnolls (D:2)
  An adder (D:2)
  3 worms
  3 dart slugs
  An orc (D:3)
  2 bats
  6 endoplasms
  4 hobgoblins
  5 kobolds
  4 quokkas
  3 ball pythons (D:1)
  A frilled lizard (D:1)
  3 goblins
  4 rats
44 creatures vanquished.

Notes
Turn   | Place    | Note
-------+----------+-------------------------------------------
     0 | D:1      | Destapler the Minotaur Fighter began the quest for the Orb.
     0 | D:1      | Reached XP level 1. HP: 19/19 MP: 0/0
   226 | D:1      | Reached XP level 2. HP: 26/27 MP: 1/1
   830 | D:1      | Found a faded altar of an unknown god.
   954 | D:1      | Prayed at the altar of an unknown god.
   954 | D:1      | Became a worshipper of Uskayaw the Reveller
   954 | D:1      | Reached * piety under Uskayaw
  1017 | D:2      | You fall into a shaft and drop 1 floor!
  1115 | D:3      | Reached skill level 1 in Dodging
  1115 | D:3      | Reached XP level 3. HP: 31/33 MP: 2/2
  1116 | D:3      | Reached ** piety under Uskayaw
  1220 | D:3      | Noticed an ice beast
  1229 | D:3      | Killed an ice beast
  1230 | D:3      | Reached skill level 1 in Throwing
  1230 | D:3      | Reached skill level 1 in Stealth
  1230 | D:3      | Reached XP level 4. HP: 40/40 MP: 3/3
  1348 | D:2      | Reached XP level 5. HP: 42/46 MP: 4/4
  1592 | D:2      | HP: 2/46 [kobold (5)]
  1593 | D:2      | Slain by a kobold

Illustrated notes

Levels and vault maps discovered:
D:1:      dpeg_arrival_solitude, layout_loops_ring,
          shapermc_ecumenical_altar_mp_vishouse, minmay_misc_feat_roman
D:2:      layout_rooms, basic_altar, serial_curves, eino_curves_03,
          eino_curves_03, uniq_crazy_yiuf_cottage, uniq_terence
D:3:      layout_loops_ring, zin_treasury

Skill      XL: |  1  2  3  4  5 |
---------------+----------------+-----
Dodging        | 1 2 |  2.0
Fighting       | 4 |  4.3
Long Blades    | 3 |  3.0
Throwing       | 1 |  1.3
Armour         | 4 |  4.4
Stealth        | 1 |  1.7
Shields        | 4 |  4.4
Slings         | |  0.7

Action                   |  1- 3 |  4- 6 || total
-------------------------+-------+-------++-------
Melee: Long sword        |    36 |       ||    36
       Headbutt          |     9 |     8 ||    17
       Trident           |     6 |    49 ||    55
Throw: Stone             |    45 |       ||    45
Invok: Stomp             |       |     1 ||     1
Armor: Scale mail        |    22 |    11 ||    33
Dodge: Dodged            |    15 |    23 ||    38
Block: Buckler           |     4 |     6 ||    10
